Unix NetHack Version 5.0.0-0 post-release - last build May 23 2026 06:08:33 (1c0ff79ee797540d5714e4e18072db0edd9e58ae,branch:main).

Game began 2026-05-27 19:15:56, ended 2026-05-27 19:41:38.

Atomicjoy, chaotic male elven Wizard

                                                 ---
             --.--- ---                     --- --..--
    ----     |....--..--         ----.--   -..--|....|
    |....   --..........|       --.......  .....--...|
    |..... --^..........|       |......... ..........|
    --.........|.|....---       |...............------ ----.
     --.......-- |...--       ---...............|      |..@..
      -----..--   -..| ------ |.................|      |.h....
          ----   --..---....| |........(.......-          .....
                 |..........-- -...............|  ---      ....|
        ----------...........----.............-| --.--  ----..f-
  -------........... -....<....................--....----.......
  |.|.....---------- --........|.....---..................--...
 --...-----          |..)....-----..-   ---........-------
 |..--               --.)...*|   ---      |........|
 ---                  |......--           ----.....--
                      --.--...|              |......|
                       ---|..--                ---..|
                          ----                    ---

Atomicjoy the Evoker      St:11 Dx:12 Co:15 In:21 Wi:9 Ch:9  Chaotic
Dlvl:3  $:196 HP:0(17) Pw:10(10) AC:3  Xp:1/14 T:2324  Burdened

Latest messages:
 Hmmm, the chest turns out to be locked.
 You are bare handed.
 a - a blessed +1 quarterstaff (alternate weapon; not wielded).
 What do you want to wield? [- aT or ?*] ?
 T - a dagger (weapon in right hand).
 There is a locked chest here; force its lock? [ynq] (q) y
 You force your dagger into a crack and pry.
 You hear some noises.
 The large cat is splashed by its acid!
 You succeed in forcing the lock.
 In what direction? .
 There is a broken chest here.  Check it for traps? [ynq] (q) y
 You find no traps on the chest.
 You have a little trouble removing C - a cram ration (2 in total).
 X - a cream pie.
 Y - a scroll labeled VERR YED HORRE.
 You learn more about your items by comparing them.
 k - an uncursed scroll of remove curse (2 in total).
 Z - a blue gem.
 l - a yellow gem.
 The gecko misses!
 You miss the gecko.
 You are beginning to feel hungry.
 The gecko bites!
 The large cat bites the gecko.
 The gecko misses the large cat.
 You miss the gecko.
 The gecko just misses!
 The large cat bites the gecko.
 The gecko is killed!
 What do you want to eat? [rCX or ?*] ?
 This lichen corpse tastes okay.
 You finish eating the lichen corpse.
 You swap places with your large cat.
 You hear some noises.
 The gnome misses!
 The gnome hits!
 The gnome misses!
 The large cat bites the gnome.
 The dwarf wields a broad short sword!
 You hear some noises.
 You hear some noises in the distance.
 The dwarf thrusts her broad short sword.
 The dwarf hits!
 The dwarf thrusts her broad short sword.
 The dwarf just misses!
 The dwarf thrusts her broad short sword.
 The dwarf hits!
 You die...
 Do you want your possessions identified? [ynq] (y) q

Inventory:
 Coins    ('$')
  $ - 196 gold pieces
 Amulets  ('"')
  Q - an uncursed amulet of ESP
 Weapons  (')')
  T - a +2 dagger (weapon in right hand)
  a - a blessed +1 quarterstaff (alternate weapon; not wielded)
 Armor    ('[')
  x - a blessed +1 helm of brilliance (being worn)
  U - a blessed +2 pair of iron shoes (being worn)
  b - a blessed +0 cloak of magic resistance (being worn)
  V - a blessed +2 dwarvish cloak
 Comestibles  ('%')
  C - 2 uncursed cram rations
  X - an uncursed cream pie
  r - 2 uncursed lichen corpses
 Scrolls  ('?')
  i - a blessed scroll of confuse monster
  G - an uncursed scroll of destroy armor
  Y - an uncursed scroll of enchant armor
  j - an uncursed scroll of identify
  y - an uncursed scroll of identify
  B - a blessed scroll of light
  F - an uncursed scroll of light
  q - an uncursed scroll of magic mapping
  k - 2 uncursed scrolls of remove curse
  w - an uncursed scroll of scare monster
  t - an uncursed scroll of teleportation
 Potions  ('!')
  v - a blessed potion of booze
  S - an uncursed potion of extra healing
  g - 2 uncursed potions of gain level
  s - 8 uncursed potions of healing
  f - an uncursed potion of invisibility
  M - an uncursed potion of monster detection
  h - 2 uncursed potions of object detection
  D - 2 uncursed potions of paralysis
  N - an uncursed potion of restore ability
  L - a potion of holy water
 Rings    ('=')
  d - an uncursed +1 ring of increase accuracy
  e - an uncursed ring of regeneration
 Wands    ('/')
  c - a wand of polymorph (0:7)
  A - a wand of secret door detection (0:11)
 Tools    ('(')
  p - an uncursed leather drum
  o - an uncursed blindfold
  n - a magic marker (0:19)
 Gems/Stones  ('*')
  Z - an uncursed worthless piece of blue glass
  W - an uncursed worthless piece of green glass
  z - an uncursed worthless piece of white glass
  l - an uncursed worthless piece of yellow glass

Atomicjoy the Wizard's attributes:

Background:
 You were an Evoker, a level 1 male elven Wizard.
 You were chaotic, on a mission for Anhur
 who was opposed by Ptah (lawful) and Thoth (neutral).
 You were right-handed.
 You were in the Gnomish Mines, on level 3.
 You entered the dungeon 2324 turns ago.
 You had 14 experience points, 6 more were needed to attain level 2.

Basics:
 You had 0 out of 17 hit points.
 You had all 10 energy points (spell power).
 Your armor class was 3.
 Your wallet contained 196 zorkmids.
 Autopickup was off.

Final Characteristics:
 Your strength was 11 (limit:18).
 Your dexterity was 12 (limit:18).
 Your constitution was 15 (limit:16).
 Your intelligence was 21 (base:20, innate limit:20).
 Your wisdom was 9 (base:8, limit:20).
 Your charisma was 9 (limit:18).

Final Status:
 You weren't hungry.
 You were burdened; movement was slightly slowed.
 You were wielding a dagger.
 You were unskilled in dagger.

Final Attributes:
 You were devoutly aligned.
 You were magic-protected.
 You had infravision.
 You were warded.
 You are dead.

Miscellaneous:
 You didn't encounter any bones levels.
 Total elapsed playing time was 25 minutes and 40 seconds.

Major events:
 Turn
    1: Atomicjoy the chaotic male elven Wizard entered the dungeon
  645: entered the Gnomish Mines
 2324: killed by a dwarf

Spells:
 Name                 Level Category     Fail Retention
 force bolt             1   attack         0%   81%-90%
 sleep                  3   enchantment   33%   81%-90%

Skills:
 Fighting Skills
   bare handed combat [Unskilled]
   riding             [Unskilled]
 Weapon Skills
   dagger             [Unskilled]
   knife              [Unskilled]
   axe                [Unskilled]
   short sword        [Unskilled]
   club               [Unskilled]
   mace               [Unskilled]
   quarterstaff       [Basic]
   polearms           [Unskilled]
   spear              [Unskilled]
   trident            [Unskilled]
   sling              [Unskilled]
   dart               [Unskilled]
   shuriken           [Unskilled]
 Spellcasting Skills
   attack spells      [Basic]
   healing spells     [Unskilled]
   divination spells  [Unskilled]
   enchantment spells [Basic]
   clerical spells    [Unskilled]
   escape spells      [Unskilled]
   matter spells      [Unskilled]

Voluntary challenges:
 Character rerolling was not enabled.
 You were illiterate.
 You never genocided any monsters.
 You never polymorphed an object.
 You never changed form.
 You used no wishes.
Achievements:
 You entered a shop.
 You entered the Gnomish Mines.

 The Dungeons of Doom: levels 1 to 5
    Level 1:
       A fountain.
    Level 2:
       A general store, some fountains, many trees.
       Stairs down to The Gnomish Mines.
    Level 3:
       A potion shop.
    Level 4:
       A food shop, some fountains.
    Level 5:
 The Gnomish Mines:
    Level 3: <- You were here.
       Final resting place for
          you, killed by a dwarf.


Vanquished creatures:
  a gnome leader
  a dwarf
 an acid blob
  a coyote
  a giant rat
  a green mold
 11 gnomes
  4 geckos
  7 jackals
  a fox
  a kobold
  a goblin
  2 grid bugs
  a bat
  6 lichens
  3 kobold zombies
  7 newts
50 creatures vanquished.

No species were genocided or became extinct.

Game over:
                       ----------
                      /          \
                     /    REST    \
                    /      IN      \
                   /     PEACE      \
                  /                  \
                  |    Atomicjoy     |
                  |      196 Au      |
                  |   killed by a    |
                  |      dwarf       |
                  |                  |
                  |                  |
                  |       2026       |
                 *|     *  *  *      | *
        _________)/\\_//(\/(/\)/\//\/|_)_______

Goodbye Atomicjoy the Wizard...

You died in The Gnomish Mines on dungeon level 3 with 433 points,
and 196 pieces of gold, after 2324 moves.
You were level 1 with a maximum of 17 hit points when you died.

